 Dungeon Crawl Stone Soup version 0.24-a0-48-g0ecae65 (webtiles) character file.

Game seed: 3981789165932089277

2898 Mgcat the Zephyrmancer (level 9, -3/46 HPs)
             Began as a Tengu Air Elementalist on Feb 3, 2019.
             Was a Believer of Vehumet.
             Slain by a wolf (7 damage)
             ... led by Grum
             ... on level 8 of the Dungeon.
             The game lasted 00:23:20 (9472 turns).

Mgcat the Zephyrmancer (Tengu Air Elementalist)     Turns: 9472, Time: 00:23:21

Health: -3/46      AC:  5    Str: 10    XL:     9   Next: 77%
Magic:  2/20       EV: 14    Int: 18    God:    Vehumet [**....]
Gold:   367        SH:  0    Dex: 14    Spells: 12/22 levels left

rFire    + . .     SeeInvis .   b - +1 whip (freeze) {!w}
rCold    . . .     Gourm    +   (no shield)
rNeg     . . .     Faith    .   A - +2 leather armour {rF+}
rPois    +         Spirit   .   (helmet restricted)
rElec    .         Reflect  .   (no cloak)
rCorr    .         Harm     .   (no gloves)
MR       .....                  (boots unavailable)
Stlth    ++........             x - amulet of the gourmand {Gourm, !d}
HPRegen  0.15/turn              q - ring of poison resistance {rPois, !d}
MPRegen  0.17/turn              (no ring)

@: about to teleport, flying quickly and evasively, quick
A: beak, talons 3, able to fly
a: Stop Flying, Renounce Religion


You were on level 8 of the Dungeon.
You worshipped Vehumet.
Vehumet was pleased with you.
You were very full.

You visited 2 branches of the dungeon, and saw 9 of its levels.
You also visited: Ossuary.

You collected 367 gold pieces.

Inventory:

Hand Weapons
 b - a +1 whip of freezing (weapon) {!w}
   (You found it on level 5 of the Dungeon)
Armour
 n - a +0 buckler
   (You found it on level 2 of the Dungeon)
 A - a +2 leather armour of fire resistance (worn)
   (You took it off Duvessa on level 7 of the Dungeon)
Jewellery
 q - a ring of poison resistance (left hand) {rPois, !d}
   (You found it on level 4 of the Dungeon)
 u - an uncursed ring of ice {rC+, rF-}
   (You found it on level 4 of the Dungeon)
 x - an amulet of the gourmand (around neck) {Gourm, !d}
   (You found it in an ossuary)
Scrolls
 d - 5 scrolls of identify
 g - a scroll of enchant armour
 j - 3 scrolls of immolation {!r}
 k - 2 scrolls of fog
 y - a scroll of blinking {!r}
 z - a scroll of amnesia
Potions
 f - 2 potions of invisibility
 h - 2 potions of degeneration {!q}
 i - a potion of lignification {!q}
 m - 2 potions of ambrosia
 o - a potion of brilliance {unknown}
 p - 3 potions of heal wounds
 r - a potion of haste {unknown}
 s - a potion of agility
 t - 5 potions of might
 v - 2 potions of berserk rage {!q}
 w - 7 potions of curing
Comestibles
 a - a chunk of flesh {@w0}
 c - 12 rations


   Skills:
 + Level 0.5 Fighting
 + Level 2.4 Dodging
 - Level 2.0 Stealth
 + Level 0.5 Shields
 + Level 7.2 Spellcasting
 + Level 9.9 Conjurations
 + Level 10.5 Air Magic


You had 12 spell levels left.
You knew the following spells:

 Your Spells              Type           Power        Failure   Level  Hunger
a - Shock                 Conj/Air       ####         1%          1    None
b - Airstrike             Air            #####.....   1%          4    ####...
c - Lightning Bolt        Conj/Air       #####.....   6%          5    #####..

Your spell library contained the following spells:

 Spells                   Type           Power        Failure   Level  Hunger
 Throw Frost              Conj/Ice       ###...       2%          2    None
 Static Discharge         Conj/Air       #####...     1%          3    ##.....
 Swiftness                Chrm/Air       ####....     2%          2    None
 Beastly Appendage        Tmut           #.....       14%         1    None
 Sticks to Snakes         Tmut           #.......     22%         2    None
 Spider Form              Tmut/Pois      #.........   41%         3    ##.....
 Ice Form                 Ice/Tmut       #.......     82%         4    ####...
 Blade Hands              Tmut           #.........   99%         5    #####..


Dungeon Overview and Level Annotations

Branches:
Dungeon (8/15)             Temple (1/1) D:5
   Lair: D:8-11

Altars:
Ashenzari
Cheibriados
Dithmenos
Elyvilon
Gozag
Hepliaklqana
Makhleb
Nemelex Xobeh
Qazlal
Ru
Sif Muna
Trog
Uskayaw
Vehumet
Xom
Yredelemnul
The Shining One

Shops:
D:6 (

Annotations:
D:2 exclusion: bullfrog
D:8 Grum


Innate Abilities, Weirdness & Mutations

You have a beak for a mouth.
You have claws for feet.
You can fly continuously.


Message History

Spoiler Alert: The wolf is very fast and can hit for moderate damage in melee!
Casting: Airstrike (safe; 1% risk of failure)
Confirm with . or Enter, or press ? or * to list all spells.
Aiming: Airstrike (safe; 1% risk of failure)
Press: ? - help, Dir - move target cursor, f/p - wolf
Aim: a wolf (moderately wounded)
The air twists around and strikes the wolf!
The wolf is severely wounded.
You hear a howl!
You now have 5/20 mp.
Warning x2: The wolf is very fast and can hit for moderate damage in melee! x2
Casting: Airstrike (safe; 1% risk of failure)
Confirm with . or Enter, or press ? or * to list all spells.
Aiming: Airstrike (safe; 1% risk of failure)
Press: ? - help, Dir - move target cursor, f/p - wolf
Aim: a wolf (severely wounded)
The air twists around and strikes the wolf.
You kill the wolf!
Vehumet accepts your kill.
You feel your power returning.
You now have 3/20 mp.
Spoiler Alert: The wolf is very fast and can hit for moderate damage in melee!
Casting: Airstrike (safe; 1% risk of failure)
Confirm with . or Enter, or press ? or * to list all spells.
Aiming: Shock (safe; 1% risk of failure)
Press: ? - help, Shift-Dir - straight line, f - wolf
Aim: a wolf
Okay, then.
Spoiler Alert: The wolf is very fast and can hit for moderate damage in melee!
Casting: Shock (safe; 1% risk of failure)
Confirm with . or Enter, or press ? or * to list all spells.
Aiming: Shock (safe; 1% risk of failure)
Press: ? - help, Shift-Dir - straight line, f - wolf
Aim: a wolf The zap hits the wolf.
The wolf is lightly wounded.
You now have 2/20 mp.
Spoiler Alert: The wolf is very fast and can hit for moderate damage in melee!
Casting: Shock (safe; 1% risk of failure)
Confirm with . or Enter, or press ? or * to list all spells.
Aiming: Shock (safe; 1% risk of failure)
Press: ? - help, Shift-Dir - straight line, f/p - wolf
Aim: a wolf (lightly wounded)
The zap hits the wolf.
The wolf is lightly wounded.
Grum growls angrily.
Spoiler Alert: The wolf is very fast and can hit for moderate damage in melee!
Casting: Shock (safe; 1% risk of failure)
Confirm with . or Enter, or press ? or * to list all spells.
Aiming: Shock (safe; 1% risk of failure)
Press: ? - help, Shift-Dir - straight line, f/p - wolf
Aim: a wolf (lightly wounded)
The zap misses the wolf.
The wolf bites you.
You take 5 damage, and have 39/46 hp.
You now have 1/20 mp.
Warning x2: The wolf is very fast and can hit for moderate damage in melee!
The wolf (wandering) is very fast and can hit for moderate damage in melee!
Casting: Shock (safe; 1% risk of failure)
Confirm with . or Enter, or press ? or * to list all spells.
Aiming: Shock (safe; 1% risk of failure)
Press: ? - help, Shift-Dir - straight line, f/p - wolf
Aim: a wolf (lightly wounded)
The zap misses the wolf.
The wolf misses you. x2
You now have 0/20 mp.
Warning x2: The wolf is very fast and can hit for moderate damage in melee! x2
Casting: Shock (safe; 1% risk of failure)
Confirm with . or Enter, or press ? or * to list all spells.
You don't have enough magic to cast that spell.
Casting: Shock (safe; 1% risk of failure)
Confirm with . or Enter, or press ? or * to list all spells.
You don't have enough magic to cast that spell.
Warning x2: The wolf is very fast and can hit for moderate damage in melee! x2
Casting: Shock (safe; 1% risk of failure)
Confirm with . or Enter, or press ? or * to list all spells.
You don't have enough magic to cast that spell.
The wolf bites you!
You take 7 damage, and have 33/46 hp.
The wolf bites you!
A wolf comes into view.
You take 9 damage, and have 24/46 hp.
Warning x3: The wolf is very fast and can hit for moderate damage in melee! x2
The wolf (wandering) is very fast and can hit for moderate damage in melee!
Warning x3: The wolf is very fast and can hit for moderate damage in melee! x2
The wolf (wandering) is very fast and can hit for moderate damage in melee!
Warning x3: The wolf is very fast and can hit for moderate damage in melee! x2
The wolf (wandering) is very fast and can hit for moderate damage in melee!
The wolf bites you!
You take 10 damage, and have 14/46 hp.
MASSIVE DAMAGE!!
The wolf bites you!
* * * LOW HITPOINT WARNING * * *
You take 10 damage, and have 4/46 hp.
MASSIVE DAMAGE!!
As you read the scroll of teleportation, it crumbles to dust.
You feel strangely unstable. The wolf misses you. The wolf barely misses you.
Warning x2: The wolf is very fast and can hit for moderate damage in melee! x2
Unknown command.
Unknown command.
Unknown command.
Okay, then.
Unknown command.
Unknown command.
Warning x2: The wolf is very fast and can hit for moderate damage in melee! x2
Unknown command.
Unknown command.
The wolf bites you!
You die...

..............#....
####:...####.##...
#.#######[#.# #.###.#
#.#.......#.# #.# #.#
#.#.#######.# #.# #)#
#.#.#######.####.# #.#
#.#.#.[........#.# #.#
#.#.#.#####.##.#.###.#
#.#.#@## #.##.......#
#.#..h.####.#######.##
#....h......# #.#
###....###### #.#
#....g## .. #.#
########.#.#.##.###
#..
....................
###
########.##..##...##
#..........#


You could see Grum and 2 wolves.

Vanquished Creatures
  A two-headed ogre (D:8)
  A wraith (Ossuary)
  Duvessa (D:7)
  A black bear (D:8)
  An ice beast (D:5)
  An orc warrior (D:7)
  A phantom (D:7)
  A wolf (D:8)
  An ogre (D:6)
  A scorpion (D:4)
  Dowan (D:7)
  6 killer bees (D:7)
  3 crimson imps
  A howler monkey (D:5)
  2 centaur zombies
  A hound (D:5)
  A jelly (D:5)
  An orc priest (D:7)
  7 orc wizards
  2 centaur skeletons
  An iguana (D:7)
  3 worker ants
  2 hound skeletons
  2 mummies (Ossuary)
  11 gnolls
  14 adders
  A shadow imp (D:7)
  2 oozes
  An adder zombie (D:7)
  An adder skeleton (D:7)
  2 worms (D:4)
  3 dart slugs
  2 leopard geckos
  37 orcs
  A ball python (D:5)
  10 giant cockroaches
  2 gnoll zombies (Ossuary)
  9 goblins
  3 hobgoblins
  12 jackals
  4 quokkas
  5 bats
  8 frilled lizards
  A goblin zombie (Ossuary)
  4 hobgoblin zombies (Ossuary)
  5 kobolds
  A kobold zombie (Ossuary)
  A leopard gecko skeleton (D:4)
  A quokka skeleton (D:4)
  A quokka zombie (D:6)
  7 rats
192 creatures vanquished.

Vanquished Creatures (others)
  A mummy (Ossuary)
  A hobgoblin zombie (Ossuary)
  A kobold zombie (Ossuary)
3 creatures vanquished.

Grand Total: 195 creatures vanquished

Notes
Turn   | Place    | Note
-------+----------+-------------------------------------------
     0 | D:1      | Mgcat the Tengu Air Elementalist began the quest for the
                  | Orb.
     0 | D:1      | Reached XP level 1. HP: 10/10 MP: 4/4
   228 | D:1      | Reached skill level 2 in Conjurations
   228 | D:1      | Reached XP level 2. HP: 15/15 MP: 4/6
   766 | D:1      | Reached XP level 3. HP: 19/19 MP: 3/7
  1439 | D:2      | Noticed a bullfrog
  1558 | D:2      | Reached skill level 3 in Conjurations
  1642 | D:2      | Reached XP level 4. HP: 24/24 MP: 5/9
  1642 | D:2      | Reached skill level 5 in Air Magic
  2021 | D:2      | Learned a level 4 spell: Airstrike
  2110 | D:3      | Reached skill level 3 in Spellcasting
  2219 | D:3      | Gained mutation: You can fly continuously. [Tengu growth]
  2219 | D:3      | Reached XP level 5. HP: 22/28 MP: 1/10
  2291 | D:3      | Reached skill level 4 in Conjurations
  3474 | D:4      | HP: 5/28 [orc wizard/puff of flame (9)]
  3477 | D:4      | Reached XP level 6. HP: 6/32 MP: 4/12
  3800 | D:4      | Reached skill level 6 in Air Magic
  4188 | D:4      | Reached skill level 5 in Conjurations
  4258 | D:4      | Reached skill level 4 in Spellcasting
  4395 | D:4      | Reached XP level 7. HP: 36/36 MP: 6/14
  4573 | D:5      | Entered Level 5 of the Dungeon
  4722 | D:5      | Learned a level 5 spell: Lightning Bolt
  4818 | D:5      | Found a staircase to the Ecumenical Temple.
  4848 | D:5      | Reached skill level 7 in Air Magic
  4852 | D:5      | Reached skill level 6 in Conjurations
  4854 | Temple   | Entered the Ecumenical Temple
  4974 | Temple   | Became a worshipper of Vehumet
  5620 | D:6      | Found a sand-covered staircase.
  5631 | Ossuary  | Entered an ossuary
  5631 | Ossuary  | Noticed a wraith
  5631 | Ossuary  | Noticed a wraith
  5631 | Ossuary  | Noticed a wraith
  5911 | Ossuary  | Noticed a wraith
  5992 | Ossuary  | Killed a wraith
  5992 | Ossuary  | Reached skill level 5 in Spellcasting
  5992 | Ossuary  | Reached skill level 7 in Conjurations
  5992 | Ossuary  | Reached XP level 8. HP: 39/41 MP: 3/16
  6256 | D:6      | Reached skill level 8 in Air Magic
  6766 | D:6      | Found Xemiusk's Weapon Emporium.
  7070 | D:7      | Noticed Duvessa
  7070 | D:7      | Noticed Dowan
  7103 | D:7      | Killed Dowan
  7162 | D:7      | Killed Duvessa
  7162 | D:7      | Reached * piety under Vehumet
  7162 | D:7      | Offered knowledge of Freeze by Vehumet.
  7998 | D:7      | Reached skill level 8 in Conjurations
  8062 | D:7      | Reached skill level 6 in Spellcasting
  8062 | D:7      | Reached skill level 9 in Air Magic
  8300 | D:7      | Offered knowledge of Throw Frost by Vehumet.
  8391 | D:7      | HP: 9/41 [orc warrior/+0 flail (10)]
  8392 | D:7      | HP: 1/41 [orc warrior/+0 flail (8)]
  8924 | D:7      | Reached ** piety under Vehumet
  8924 | D:7      | Reached XP level 9. HP: 45/45 MP: 14/19
  9028 | D:7      | Reached skill level 9 in Conjurations
  9227 | D:8      | Noticed Grum
  9274 | D:8      | Noticed a two-headed ogre
  9278 | D:8      | Killed a two-headed ogre
  9278 | D:8      | Reached skill level 7 in Spellcasting
  9278 | D:8      | Reached skill level 10 in Air Magic
  9469 | D:8      | HP: 4/46 [wolf[Grum] (11)]
  9472 | D:8      | Slain by a wolf

Vault maps used:
D:1:      dpeg_arrival_court, grunt_decor_cap, hangedman_feature_mirror
D:2:      hangedman_abyss_or_decor_stabs
D:5:      minmay_temple_entry_overgrown, first_ration, dk_noncrumbling_3
D:6:      serial_shops, shop, nicolae_ossuary_entry_ruins
D:7:      uniq_duvessa
D:8:      hangedman_little_slice_of_home, uniq_joseph, uniq_grum
Temple:   compressed_dpeg_triangle_lava_temple
Ossuary:  ossuary_kennysheep_city_of_the_dead

Skill      XL: |  1  2  3  4  5  6  7  8  9 |
---------------+----------------------------+-----
Conjurations   | 2 3 4 5 7 8 9 |  9.9
Air Magic      | 5 6 7 9 10 | 10.5
Spellcasting   | 3 4 5 6 7 |  7.2
Fighting       | |  0.5
Dodging        | |  2.4
Stealth        | |  2.0
Shields        | |  0.5

Action                   |  1- 3 |  4- 6 |  7- 9 || total
-------------------------+-------+-------+-------++-------
Melee: Club              |     3 |     1 |       ||     4
       Dagger            |       |     6 |       ||     6
       Whip              |       |       |    47 ||    47
       Kick              |       |       |    12 ||    12
       Peck              |       |       |     5 ||     5
 Cast: Shock             |    82 |   152 |   201 ||   435
       Airstrike         |       |       |    42 ||    42
       Lightning Bolt    |       |       |     4 ||     4
 Abil: Fly               |       |       |     1 ||     1
  Use: Scroll            |       |       |    20 ||    20
 Stab: Distracted        |       |     1 |       ||     1
  Eat: Chunk             |     3 |     9 |    28 ||    40
       Ration            |       |       |     1 ||     1
Armor: Robe              |       |     4 |     3 ||     7
       Leather armour    |       |       |     3 ||     3
Dodge: Dodged            |    10 |    30 |    55 ||    95

Table legend:
 A = Non-vault XP
 B = Vault XP
 C = Vault XP percentage of total XP
 D = Non-vault monster count
 E = Vault monster count
 F = Vault count percentage of total count
                 A         B        C        D         E       F
            +---------+---------+-------+---------+---------+-------
      Total |    3533 |     607 |  14.7 |     176 |      19 |   9.7
            +---------+---------+-------+---------+---------+-------
        D:1 |      33 |       3 |   8.3 |      15 |       2 |  11.8
        D:2 |      87 |       0 |   0.0 |      27 |       0 |   0.0
        D:3 |     127 |       0 |   0.0 |      25 |       0 |   0.0
        D:4 |     372 |       0 |   0.0 |      26 |       0 |   0.0
        D:5 |     492 |       0 |   0.0 |      24 |       0 |   0.0
        D:6 |     203 |       0 |   0.0 |      10 |       0 |   0.0
        D:7 |    1018 |     225 |  18.1 |      43 |       2 |   4.4
        D:8 |    1201 |     116 |   8.8 |       6 |       1 |  14.3
    Ossuary |       0 |     263 | 100.0 |       0 |      14 | 100.0
            +---------+---------+-------+---------+---------+-------

Vault maps used:
D:1:      dpeg_arrival_court, grunt_decor_cap, hangedman_feature_mirror
D:2:      hangedman_abyss_or_decor_stabs
D:5:      minmay_temple_entry_overgrown, first_ration, dk_noncrumbling_3
D:6:      serial_shops, shop, nicolae_ossuary_entry_ruins
D:7:      uniq_duvessa
D:8:      hangedman_little_slice_of_home, uniq_joseph, uniq_grum
Temple:   compressed_dpeg_triangle_lava_temple
Ossuary:  ossuary_kennysheep_city_of_the_dead

Table legend:
 A = Turns spent in this place as a percentage of turns spent in the entire game.
 B = Non-inter-level travel turns spent in this place as a percentage of non-inter-level travel turns spent in the entire game.
 C = Inter-level travel turns spent in this place as a percentage of turns spent in this place.
 D = Turns resting spent in this place as a percentage of non-inter-level travel turns spent in this place.
 E = Turns spent auto-exploring this place as a percentage of non-inter-level travel turns spent in this place.
 F = Non-inter-level travel turns spent in this place divided by the number of levels of this place that you've seen.
                   A       B       C       D       E      F
               +-------+-------+-------+-------+-------+----------------------
         Total | 100.0 | 100.0 |   4.8 |  17.4 |  68.6 | 901.9
       Dungeon |  92.3 |  92.2 |   4.9 |  17.2 |  69.3 | 1039.2
        Temple |   1.7 |   1.5 |  14.3 |   0.0 |  83.3 | 138.0
       Ossuary |   6.0 |   6.3 |   0.0 |  24.3 |  55.0 | 567.0
               +-------+-------+-------+-------+-------+----------------------

Table legend:
 A = Kills in this place as a percentage of kills in entire the game.
 B = Kills by you in this place as a percentage of kills by you in the entire game.
 C = Kills by friends in this place as a percentage of kills by friends in the entire game.
 D = Other kills in this place as a percentage of other kills in the entire game.
 E = Experience gained in this place as a percentage of experience gained in the entire game.
 F = Experience gained in this place divided by the number of levels of this place that you have seen.
                   A       B       C       D       E      F
               +-------+-------+-------+-------+-------+----------------------
         Total | 100.0 | 100.0 |   N/A | 100.0 | 100.0 | 414.0
       Dungeon |  92.8 |  94.3 |   N/A |   0.0 |  93.6 | 484.6
       Ossuary |   7.2 |   5.7 |   N/A | 100.0 |   6.4 | 263.0
               +-------+-------+-------+-------+-------+----------------------
